[Event "*** Titled Tuesday Blitz"]
[Site "Chess.com"]
[Date "2019.07.02"]
[Round "7"]
[White "Philosopherrr"]
[Black "Gubajdullin"]
[Result "1-0"]
[WhiteElo "2526"]
[BlackElo "2585"]
[TimeControl "180+2"]
[EndTime "14:35:17 PDT"]
[Termination "Philosopherrr won by resignation"]

1. Nf3 d5 2. g3 c6 3. Bg2 Nf6 4. O-O Bf5 5. d3 h6 6. Nbd2 e6 7. Rb1 a5 8. c4 Be7 9. a3 a4 10. b4 axb3 11. Rxb3 Ra7 12. cxd5 exd5 13. e4 dxe4 14. dxe4 Nxe4 15. Nxe4 Qxd1 16. Rxd1 Bxe4 17. Re3 f5 18. Nd4 O-O 19. Nxf5 Bxf5 20. Rxe7 Nd7 21. Rdxd7 Bxd7 22. Rxd7 Re8 23. Bb2 Re1+ 24. Bf1 Rb1 25. Rxg7+ Kf8 26. Bf6 Rxa3 27. Kg2 Ra4 28. Bd3 Rd1 29.
Bc2 Rd6 30. Bxa4 Rxf6 31. Rxb7 c5 32. Bb3 Ke8 33. Rc7 Rf5 34. f4 Kd8 35. Rc8+ Ke7 36. Kf3 Rf6 37. Rxc5 Rb6 38. Re5+ Kf6 39. Re6+ Rxe6 40.
Bxe6 Kxe6 41. g4 Kf6 42. h4 Kg6 43. f5+ Kf6 44. Kf4 Kf7 45. g5 h5 46. Ke5 Kg7 47.
Ke6 1-0

[Event "*** Titled Tuesday Blitz"]
[Site "Chess.com"]
[Date "2019.07.02"]
[Round "7"]
[White "nubair1198"]
[Black "SanchezKelvin"]
[Result "0-1"]
[WhiteElo "2635"]
[BlackElo "2420"]
[TimeControl "180+2"]
[EndTime "14:35:17 PDT"]
[Termination "SanchezKelvin won by resignation"]

1. d4 Nf6 2. c4 e6 3. Nf3 c5 4. d5 exd5 5. cxd5 g6 6. Nc3 Bg7 7. e4 d6 8. h3 O-O 9. Bd3 b5 10. Nxb5 Re8 11. O-O Nxe4 12. Re1 a6 13. Nc3 Nxc3 14.
bxc3 Bxc3 15. Rxe8+ Qxe8 16. Rb1 Nd7 17. Qa4 Qd8 18.
Qc6 Rb8 19. Qxd6 Rxb1 20. Bxb1 Qb6 21. Qc6 Qxb1 22. Qxc8+ Nf8 23. g3 Qxc1+ 24. Kg2 Bf6 25. Qxa6 Kg7 26. Qc6 Qc4 27. a4 h5 28. a5 g5 29. a6 Qe4 30. a7 g4 31. hxg4 hxg4 32. a8=Q gxf3+ 33. Kh3 Qf5+ 34. g4 Qf4 35. d6 Be5 36. g5 Qf5+ 37. Kh4 Ng6+ 0-1

[Event "*** Titled Tuesday Blitz"]
[Site "Chess.com"]
[Date "2019.07.02"]
[Round "7"]
[White "Tjktiger"]
[Black "Lunaticx"]
[Result "0-1"]
[WhiteElo "2868"]
[BlackElo "2881"]
[TimeControl "180+2"]
[EndTime "14:35:18 PDT"]
[Termination "Lunaticx won by resignation"]

1. c4 g6 2. Nc3 c5 3. g3 Bg7 4. Bg2 Nc6 5. Nf3 e6 6. h4 h6 7.
e3 Nge7 8. d4 cxd4 9. Nxd4 d5 10. cxd5 Nxd5 11. O-O O-O 12. Nxc6 bxc6 13. Bd2 Ba6 14. Re1 Nb4 15. Bf1 Bxf1 16. Rxf1 Rb8 17. Rb1 c5 18. Qe2 c4 19. Rfd1 Qd3 20. Qg4 h5 21. Qf4 Rfc8 22. a3 Nc2 23. Ne4 f5 24.
Ng5 e5 25. Qf3 e4 26. Qf4 Rxb2 27. Rbc1 c3 28. Be1 Qc4 29. Qd6 Qc6 30. Qe7 Nxe1 31.
Rd7 Qf6 32. Rxe1 Qxe7 33. Rxe7 c2 0-1

[Event "*** Titled Tuesday Blitz"]
[Site "Chess.com"]
[Date "2019.07.02"]
[Round "7"]
[White "jacky72"]
[Black "Vegan4future"]
[Result "0-1"]
[WhiteElo "2591"]
[BlackElo "2417"]
[TimeControl "180+2"]
[EndTime "14:35:18 PDT"]
[Termination "Vegan4future won by resignation"]

1. e4 e5 2. Nf3 d6 3. Nc3 Nf6 4.
d4 exd4 5. Nxd4 Be7 6. Be2 O-O 7. Be3 Re8 8. f3 Bf8 9. Qd2 d5 10. O-O-O dxe4 11. fxe4 c5 12. Ndb5 Qxd2+ 13. Rxd2 Na6 14. Bf3 Bg4 15. Rhd1 h6 16. Nd6 Bxd6 17. Rxd6 Bxf3 18.
gxf3 b6 19. Nb5 Kh7 20. a3 Re7 21. Bf2 Nc7 22. Nxc7 Rxc7 23. Bh4 Nh5 24. Rd7 Rac8 25. c4 g5 26. Be1 Nf4 27. Kc2 Ne6 28. Bc3 Nd4+ 29. R1xd4 cxd4 30. Rxd4 Rxc4 31. Rd7 R4c7 32. Rd6 Rc6 33. Rd7 R8c7 34. Rd8 Kg6 35. Kd3 Kh5 36.
Ke3 Rxc3+ 37. bxc3 Rxc3+ 38. Kf2 Rxa3 39. Rd7 Kg6 40.
Rd6+ Kg7 41. Kg3 b5 42. Kg4 b4 43. Rd7 a5 44. Rb7 Re3 45. Rb5 Ra3 46. Rb7 Kf6 47. Rb6+ Ke5 48. Rb7 f6 49. Rb6 b3 50. Rb5+ Kd4 51.
Kf5 a4 52. Kxf6 Ra2 53. e5 Kc4 54. Rb8 Rf2 55. e6 Rxf3+ 56. Kg7 Re3 57. Kf7 a3 58. e7 a2 59. Rc8+ Kd3 60. Rd8+ Kc2 61. Ra8 Kb1 62. Ra3 Kb2 63. e8=Q Rxe8 0-1

[Event "*** Titled Tuesday Blitz"]
[Site "Chess.com"]
[Date "2019.07.02"]
[Round "7"]
[White "andrzej"]
[Black "Yoshkinkot"]
[Result "0-1"]
[WhiteElo "2335"]
[BlackElo "2544"]
[TimeControl "180+2"]
[EndTime "14:35:19 PDT"]
[Termination "Yoshkinkot won by checkmate"]

1. d4 d5 2. c4 e5 3. dxe5 d4 4. Nf3 Nc6 5. a3 a5 6. Nbd2 Bf5 7. Nb3 Qd7 8. Nbxd4 Rd8 9. Be3 Be4 10. Qd2 Bxf3 11. Nxf3 Qf5 12. Qc3 Nb4 13. Nd4 Rxd4 14. Bxd4 Nc2+ 15. Kd2 Nxa1 16. e4 Qxe4 17. Bd3 Qxd4 18.
Qxd4 Nb3+ 19. Kc3 Nxd4 20. Kxd4 Ne7 21. f4 Nc6+ 22. Ke3 Bc5+ 23. Ke4 Ke7 24. f5 Rd8 25.
Bb1 Rd4+ 26. Kf3 Nxe5+ 27. Kg3 Rg4+ 28. Kh3 Rxc4 29. Re1 Kf6 30. g3 h5 31. Kg2 Rd4 32. Rc1 Rd2+ 33. Kh3 Nf3 34. Rh1 g5 35. fxg6 fxg6 36. b4 Ng5+ 37. Kh4 Rd4+ 38. g4 Rxg4# 0-1

[Event "*** Titled Tuesday Blitz"]
[Site "Chess.com"]
[Date "2019.07.02"]
[Round "7"]
[White "Mbneu"]
[Black "pedromartinez91"]
[Result "0-1"]
[WhiteElo "2324"]
[BlackElo "2432"]
[TimeControl "180+2"]
[EndTime "14:35:21 PDT"]
[Termination "pedromartinez91 won on time"]

1. d4 e6 2. c4 c5 3. d5 b5 4. a4 bxc4 5. e4 Nf6 6. Nc3 exd5 7. exd5 d6 8. Bxc4 Be7 9. Nge2 Ba6 10. Bb5+ Nfd7 11.
O-O O-O 12. Bf4 Nf6 13. Ng3 g6 14. Re1 Bxb5 15. axb5 Nbd7 16. h4 Re8 17. h5 Bf8 18.
Rxe8 Qxe8 19. hxg6 hxg6 20. Qd2 Qc8 21. Nge4 Qc7 22. Ra6 Ne8 23. Rc6 Qb8 24. Nxc5 Nxc5 25. Rxc5 Nc7 26. Rc6 Nxb5 27. Ne4 Bg7 28. b4 a5 29.
bxa5 Nd4 30. Rc1 Qb5 31. Nxd6 Qxd5 32. Nc4 Rc8 33. a6 Rxc4 34. Rxc4 Qxc4 35. a7 Qa6 36. Bb8 Kh7 37. Kh2 Nc6 38. Qd7 Ne5 0-1

[Event "*** Titled Tuesday Blitz"]
[Site "Chess.com"]
[Date "2019.07.02"]
[Round "7"]
[White "DenisQ"]
[Black "kosmeg"]
[Result "0-1"]
[WhiteElo "2617"]
[BlackElo "2471"]
[TimeControl "180+2"]
[EndTime "14:35:30 PDT"]
[Termination "kosmeg won by resignation"]

1. Nf3 d5 2. c4 d4 3. g3 Nc6 4.
Bg2 e5 5. O-O e4 6. Ne1 h5 7.
Bxe4 h4 8. d3 Nf6 9. Bg5 hxg3 10. fxg3 Be7 11. Bxf6 Bxf6 12. Nd2 Bh3 13. Ng2 Qd7 14.
Qa4 Bg5 15. Nf3 Bxg2 16. Kxg2 Be3 17. h4 f6 18. Qb5 Rd8 19. Qxb7 Ne7 20. Qxa7 f5 21.
Bd5 Nxd5 22. cxd5 f4 23. Qa6 Qxd5 24. Qg6+ Kf8 25. Kh3 Rd6 26. Qg5 Qe6+ 27. g4 Rd5 28. Nxd4 Rxd4 29. Rac1 Rd5 30. Rxf4+ Bxf4 31. Qxf4+ Qf6 32.
Qg3 Kg8 33. Rxc7 Kh7 34. Rc4 Rf8 0-1

[Event "*** Titled Tuesday Blitz"]
[Site "Chess.com"]
[Date "2019.07.02"]
[Round "7"]
[White "Vamostodorecto"]
[Black "NemtsevIgor"]
[Result "0-1"]
[WhiteElo "2394"]
[BlackElo "2302"]
[TimeControl "180+2"]
[EndTime "14:35:30 PDT"]
[Termination "NemtsevIgor won by resignation"]

1. d4 c6 2. c4 d6 3. Nc3 h6 4. e4 g5 5. h4 g4 6. Nge2 h5 7. Ng3 Bg7 8. Be3 a6 9. Nf5 Bxf5 10. exf5 Qa5 11. Bd3 Nh6 12. Qc2 Nd7 13. O-O-O b5 14. Kb1 bxc4 15. Bxc4 Nxf5 16. Rhe1 Nxe3 17.
Rxe3 d5 18. Bxd5 cxd5 19. Qf5 Nf6 20. Rde1 O-O 21. Rxe7 Rab8 22. R1e3 Qb4 23. Qc2 Qxd4 24. R7e5 Ne4 25. Rxh5 Rfc8 26. Rg3 Nxc3+ 27. Rxc3 Qxc3 28.
Qh7+ Kf8 29. Qh8+ Bxh8 30. Rxh8+ Qxh8 0-1

[Event "*** Titled Tuesday Blitz"]
[Site "Chess.com"]
[Date "2019.07.02"]
[Round "7"]
[White "MFBerna"]
[Black "Pechen_Yeltsina"]
[Result "0-1"]
[WhiteElo "2408"]
[BlackElo "2663"]
[TimeControl "180+2"]
[EndTime "14:35:33 PDT"]
[Termination "Pechen_Yeltsina won by resignation"]

1. e4 c5 2. Nf3 d6 3. d4 cxd4 4.
Nxd4 Nf6 5. Nc3 a6 6. Be2 e5 7. Nb3 Be6 8. O-O Be7 9. a4 O-O 10. f4 Nc6 11. Kh1 d5 12. f5 d4 13. fxe6 dxc3 14. exf7+ Kh8 15. Bd3 cxb2 16. Bxb2 Rxf7 17. Qf3 Rf8 18. Qh3 Qc8 19. Qg3 Nh5 20. Rxf8+ Qxf8 21. Qg4 Nf4 22. Rf1 Bf6 23. Qd7 Nb4 24. Ba3 Nfxd3 25. cxd3 Qg8 26. Bxb4 Qxb3 27. Be7 Qf7 28. Rxf6 gxf6 29.
Qd6 Kg8 30. h3 Re8 31. Bxf6 Qe6 32. Qxe6+ Rxe6 33. Bd8 b5 34. axb5 axb5 35. Ba5 Rd6 36. Kg1 0-1

[Event "*** Titled Tuesday Blitz"]
[Site "Chess.com"]
[Date "2019.07.02"]
[Round "7"]
[White "MikeSailer"]
[Black "Zarikovs1999"]
[Result "0-1"]
[WhiteElo "2061"]
[BlackElo "2520"]
[TimeControl "180+2"]
[EndTime "14:35:34 PDT"]
[Termination "Zarikovs1999 won by checkmate"]

1. b4 Nf6 2. Bb2 e6 3. b5 d5 4. e3 Be7 5. Nf3 O-O 6. Be2 a6 7. a4 axb5 8. axb5 Rxa1 9. Bxa1 c5 10. c4 b6 11. O-O Bb7 12. Ne5 Nbd7 13. f4 Bd6 14. d4 cxd4 15. exd4 Ne4 16. Nd2 Nxd2 17. Qxd2 dxc4 18. Bxc4 Nxe5 19. fxe5 Bxe5 20. Qe3 Bf6 21. Kh1 Qa8 22. Qe2 Rc8 23. Bd3 Qa4 24. Qg4 Kh8 25.
Bb2 Qb3 26. Bc1 Qxd3 27. Bf4 Qxf1# 0-1

[Event "*** Titled Tuesday Blitz"]
[Site "Chess.com"]
[Date "2019.07.02"]
[Round "7"]
[White "3f32"]
[Black "MathiasWomacka"]
[Result "0-1"]
[WhiteElo "2459"]
[BlackElo "2323"]
[TimeControl "180+2"]
[EndTime "14:35:43 PDT"]
[Termination "MathiasWomacka won by resignation"]

1. d4 Nf6 2. Nf3 e6 3. Bf4 c5 4. e3 d5 5. Nbd2 Bd6 6. Bg3 O-O 7. c3 Qc7 8. Bd3 Nbd7 9. e4 cxd4 10. cxd4 dxe4 11.
Nxe4 Nxe4 12. Bxe4 Nf6 13. Bd3 Qa5+ 14. Kf1 Bxg3 15.
hxg3 h6 16. Qe2 Bd7 17. Ne5 Rfd8 18. g4 Be8 19. g5 hxg5 20. Qe3 Bb5 21. Rd1 Bxd3+ 22.
Rxd3 Qxa2 23. g4 Rac8 24. Qxg5 Qxb2 25. Kg2 Rc2 26. Rf3 Qxd4 27. Rxf6 Qe4+ 28. Rf3 Rdd2 29. Qh4 Rxf2+ 30. Qxf2 Rxf2+ 31. Kxf2 Qxe5 32. Rc1 Qb2+ 0-1

[Event "*** Titled Tuesday Blitz"]
[Site "Chess.com"]
[Date "2019.07.02"]
[Round "7"]
[White "Korchmar_Vasiliy"]
[Black "MarcoRiehle"]
[Result "1-0"]
[WhiteElo "2757"]
[BlackElo "2704"]
[TimeControl "180+2"]
[EndTime "14:35:45 PDT"]
[Termination "Korchmar_Vasiliy won by resignation"]

1. d4 d5 2. c4 e6 3. Nf3 Nf6 4. g3 dxc4 5. Bg2 Bb4+ 6. Nbd2 O-O 7. Qc2 b5 8. a4 c6 9. axb5 cxb5 10. Ng5 Nc6 11.
Bxc6 Rb8 12. O-O Qxd4 13. Nde4 Nxe4 14. Bxe4 h6 15. Nf3 Qf6 16. Bf4 Rb6 17. Be5 Qe7 18. Bd4 Bc5 19. Bxc5 Qxc5 20. Rxa7 f5 21. Qc3 Rf6 22.
Bb1 b4 23. Qe5 Rb5 24. Qxc5 Rxc5 25. Rd1 e5 26. Rd8+ Rf8 27. Rxf8+ Kxf8 28. Ra8 c3 29. bxc3 bxc3 30. Bc2 e4 31. Nd4 Ke7 32. e3 Rc7 33. h4 Bd7 34. Ra3 g5 35. hxg5 hxg5 36.
Ne2 Be6 37. Rxc3 Rb7 38. Nd4 Bd7 39. Bb3 Kf6 40. Kg2 Ra7 41. Rc5 Rb7 42. Bd5 Ra7 43. Bc6 Rc7 44. Rc2 f4 45. Bxd7 Rxd7 46. Rc6+ Kf7 47. Kh3 fxe3 48. fxe3 Ra7 49. Kg4 Ra3 50.
Nf5 Ra2 51. Kxg5 Rf2 52. Rc7+ Ke6 53. g4 Rf3 54. Rc4 Ke5 55. Rc5+ Ke6 56. Ra5 Rf1 57. Kg6 Rf3 58. Nd4+ 1-0

[Event "*** Titled Tuesday Blitz"]
[Site "Chess.com"]
[Date "2019.07.02"]
[Round "7"]
[White "GukeshDommaraju"]
[Black "LucaBrasi1968"]
[Result "0-1"]
[WhiteElo "2559"]
[BlackElo "2450"]
[TimeControl "180+2"]
[EndTime "14:35:45 PDT"]
[Termination "LucaBrasi1968 won by resignation"]

1. e4 c6 2. d4 d5 3. Nc3 dxe4 4. Nxe4 Bf5 5. Ng3 Bg6 6. Bc4 e6 7. N1e2 Bd6 8. Nf4 Nf6 9. h4 Qc7 10. h5 Bxc2 11. Nxe6 Bxd1 12. Nxc7+ Bxc7 13. Kxd1 O-O 14. Nf5 Nbd7 15. g4 Nb6 16. Bb3 Nfd5 17. Bd2 Rfe8 18. Kc2 g6 19. Nh6+ Kg7 20. Rae1 Bd6 21. a3 Rxe1 22. Rxe1 Kf8 23. Ba5 Re8 24. Rxe8+ Kxe8 25. Bxb6 axb6 26. Bxd5 cxd5 27. Ng8 Be7 28. Nxe7 Kxe7 29. hxg6 fxg6 30. g5 Ke6 31. Kc3 Kf5 32. Kb4 Kxg5 33. Kb5 h5 34. Kxb6 h4 35. Kxb7 h3 36. a4 h2 37. a5 h1=Q 38. a6 Qb1 39. a7 Qxb2+ 40.
Kc7 Qc3+ 0-1

[Event "*** Titled Tuesday Blitz"]
[Site "Chess.com"]
[Date "2019.07.02"]
[Round "7"]
[White "VladDobrov"]
[Black "Micki-taryan"]
[Result "1-0"]
[WhiteElo "2862"]
[BlackElo "2953"]
[TimeControl "180+2"]
[EndTime "14:35:47 PDT"]
[Termination "VladDobrov won by resignation"]

1. d4 Nf6 2. Nf3 d5 3. Bf4 c5 4. e3 e6 5. Nbd2 Bd6 6. Bb5+ Nc6 7. Bxc6+ bxc6 8. Bxd6 Qxd6 9. c3 Rb8 10. Qa4 cxd4 11. cxd4 Rxb2 12. O-O Rb7 13. Ne5 Rc7 14. Rfc1 O-O 15.
Rxc6 Rxc6 16. Qxc6 Qa3 17. Qc1 Qd6 18. Nb3 Bb7 19.
Qc5 Qa6 20. Qc7 Ba8 21. h3 h5 22. a4 Qe2 23. Nc5 g5 24. Qe7 Nh7 25. Ncd7 Qb2 26. Rf1 Qb7 27. f4 f6 28. Qxe6+ Kg7 29. fxg5 fxe5 30.
Nxf8 Nxf8 31. Qf6+ 1-0

[Event "*** Titled Tuesday Blitz"]
[Site "Chess.com"]
[Date "2019.07.02"]
[Round "7"]
[White "narutosmith"]
[Black "playerorkinyo"]
[Result "1-0"]
[WhiteElo "2222"]
[BlackElo "2410"]
[TimeControl "180+2"]
[EndTime "14:35:47 PDT"]
[Termination "narutosmith won on time"]

1. d4 Nf6 2. c4 b6 3. Nc3 Bb7 4. f3 e6 5. e4 d6 6. Bd3 Nbd7 7. Nge2 g6 8. O-O Bg7 9. Be3 O-O 10. Qd2 a6 11. a4 c5 12. a5 bxa5 13. Ra3 cxd4 14.
Nxd4 d5 15. cxd5 exd5 16. exd5 Nxd5 17. Nxd5 Bxd5 18. Rxa5 Bb7 19. Rfa1 Ne5 20. Bf1 Qd7 21. Nb3 Qxd2 22. Bxd2 Nc6 23. R5a2 Rfb8 24. Bc3 Bxc3 25. bxc3 Bc8 26. Nc5 a5 27. Bd3 Kf8 28. Be4 Rb6 29. Na4 Rba6 30. Rb2 Rb8 31. Rab1 Rxb2 32. Rxb2 Ne7 33.
Rb8 Kg7 34. c4 f5 35. Bd5 Rd6 36. Nb6 1-0

[Event "*** Titled Tuesday Blitz"]
[Site "Chess.com"]
[Date "2019.07.02"]
[Round "7"]
[White "FMJoseHerrera"]
[Black "Chesstrainer1"]
[Result "0-1"]
[WhiteElo "2619"]
[BlackElo "2441"]
[TimeControl "180+2"]
[EndTime "14:35:47 PDT"]
[Termination "Chesstrainer1 won by checkmate"]

1. Nf3 Nf6 2. g3 g6 3. Bg2 Bg7 4. d3 O-O 5. Nc3 d5 6. h4 c5 7. h5 d4 8. Nb1 Nxh5 9. Bg5 Nc6 10. Qd2 Qb6 11. c3 f6 12. Bh4 e5 13. Na3 f5 14. Bg5 e4 15. Nh4 e3 16. fxe3 dxc3 17. bxc3 Be6 18. Nc4 Bxc4 19. dxc4 Qa5 20.
Bd5+ Kh8 21. Rc1 Be5 22. Bf4 Rae8 23. Bxc6 bxc6 24. Qd7 Bxf4 25. gxf4 Rxe3 26. Kf2 Rfe8 27. Rc2 Qa4 28. Rd2 Qxc4 29. Re1 Qxf4+ 30. Nf3 Qg3+ 31. Kf1 Qh3+ 32. Kf2 Qg3+ 33. Kf1 Rxf3+ 34. exf3 Rxe1# 0-1

[Event "*** Titled Tuesday Blitz"]
[Site "Chess.com"]
[Date "2019.07.02"]
[Round "7"]
[White "Infernal_XaM"]
[Black "Barrelius"]
[Result "1-0"]
[WhiteElo "2871"]
[BlackElo "2608"]
[TimeControl "180+2"]
[EndTime "14:35:48 PDT"]
[Termination "Infernal_XaM won on time"]

1. c4 c5 2. Nc3 Nc6 3. a3 g6 4. b4 b6 5. b5 Na5 6. e3 Bg7 7. Nf3 e6 8. Bb2 d6 9. Qc2 Bb7 10. Nd5 Bxb2 11. Qxb2 f6 12. Nf4 Kf7 13. d4 Bxf3 14. gxf3 cxd4 15. exd4 e5 16. Nd5 Ne7 17. Nb4 Rc8 18. Rc1 Kg7 19. d5 Nf5 20. Nc6 Nxc6 21. bxc6 Nd4 22. Be2 g5 23. h4 h6 24. h5 f5 25. Kf1 Rf8 26. Rg1 Kh7 27. Rd1 Qf6 28. Kg2 g4 29. fxg4 fxg4 30. Bxg4 Rg8 31. Kf1 Rcf8 32.
Rd3 Qf4 33. Rdg3 Rg5 34. c7 Qe4 35. c8=Q Rxc8 36. Bxc8 Nf3 37. Rxf3 Rxg1+ 38. Kxg1 Qxf3 39. Qc2+ e4 40. Qd2 Qxh5 41. Qf4 Qd1+ 42. Kg2 1-0

[Event "*** Titled Tuesday Blitz"]
[Site "Chess.com"]
[Date "2019.07.02"]
[Round "7"]
[White "wadsy27"]
[Black "theblitzchamp"]
[Result "1-0"]
[WhiteElo "2473"]
[BlackElo "2623"]
[TimeControl "180+2"]
[EndTime "14:35:49 PDT"]
[Termination "wadsy27 won by resignation"]

1. c4 Nf6 2. g3 c5 3. Bg2 d5 4.
cxd5 Nxd5 5. Nc3 Nb4 6. Nf3 N4c6 7. O-O e5 8. b3 Be7 9. Ba3 O-O 10. Ne1 Be6 11. Rc1 b6 12. Nd3 f6 13. f4 Qd7 14.
fxe5 fxe5 15. Ne4 Na6 16. Bb2 Qc7 17. e3 Rad8 18. Rxf8+ Rxf8 19. Qh5 g6 20. Qe2 Nab4 21. Nxb4 Nxb4 22. Nc3 Qd7 23. Be4 Bg4 24. Qc4+ Be6 25. Qe2 Bh3 26. a3 Nc6 27. Nd5 Bd6 28. Bg2 Bxg2 29.
Qxg2 Na5 30. b4 Nb7 31. Rf1 cxb4 32. axb4 Rxf1+ 33. Qxf1 Qe6 34. Qc4 Nd8 35. Nf6+ Kg7 36.
Qxe6 Nxe6 37. Ne8+ Kf8 38. Nxd6 Ng5 39. Kg2 Ke7 40. Bxe5 Ke6 41. Bf4 Nf7 42. Nxf7 Kxf7 43. b5 a5 44. bxa6 1-0

[Event "*** Titled Tuesday Blitz"]
[Site "Chess.com"]
[Date "2019.07.02"]
[Round "7"]
[White "SavelievAlexei"]
[Black "TonRicher"]
[Result "1/2-1/2"]
[WhiteElo "2385"]
[BlackElo "2403"]
[TimeControl "180+2"]
[EndTime "14:35:49 PDT"]
[Termination "Game drawn by repetition"]

1. e4 e5 2. Nf3 Nc6 3. Bc4 Nf6 4. d3 Be7 5. O-O O-O 6. a4 d6 7. c3 h6 8. h3 Nh7 9. Re1 Ng5 10. Nbd2 Be6 11. b4 Nxf3+ 12. Qxf3 Qd7 13. Bd5 Nd8 14. Nf1 c6 15. Ba2 Bxa2 16. Rxa2 f5 17. exf5 Qxf5 18. Qxf5 Rxf5 19. d4 Nf7 20. Ng3 Rf6 21.
Ne4 Rg6 22. Ng3 Bf6 23. Nf5 exd4 24. cxd4 Kf8 25. Rae2 Bg5 26. Ba3 b5 27. axb5 cxb5 28. g3 Rf6 29. g4 h5 30. Bb2 hxg4 31. hxg4 Nh6 32. d5 Rg6 33. Re6 Rxe6 34. dxe6 Nxf5 35. gxf5 Bf6 36. Bxf6 gxf6 37. Rc1 a5 38. bxa5 Rxa5 39. Rc8+ Ke7 40. Rc7+ Ke8 41. Rc8+ Ke7 42. Rc7+ Ke8 43. Kg2 b4 44. Rc8+ Ke7 45. Rc7+ Ke8 46. Rc8+ Ke7 47.
Rc7+ Ke8 1/2-1/2

[Event "*** Titled Tuesday Blitz"]
[Site "Chess.com"]
[Date "2019.07.02"]
[Round "7"]
[White "timator"]
[Black "Zq1"]
[Result "0-1"]
[WhiteElo "2391"]
[BlackElo "2561"]
[TimeControl "180+2"]
[EndTime "14:35:53 PDT"]
[Termination "Zq1 won by resignation"]

1. Nf3 g6 2. d4 Bg7 3. g3 c5 4. Bg2 cxd4 5. Nxd4 d5 6. O-O e5 7. Nb3 Ne7 8. c4 d4 9. e3 Nbc6 10. exd4 exd4 11. Bg5 O-O 12. Re1 h6 13. Bxc6 hxg5 14. Bg2 g4 15. Na3 Nc6 16. Nc5 d3 17. Bxc6 bxc6 18.
Qd2 Rb8 19. Rab1 Bf5 20. Ne4 Qd4 21. Nc3 Rxb2 22. Qxb2 Qxc3 23. Qxc3 Bxc3 24. Red1 Rd8 25. Rb3 Ba5 26. Nb1 d2 27. Rb2 Be4 28. Rdxd2 Bxd2 29. Nxd2 Bf3 30. h3 f5 31. Kh2 Bd1 32.
hxg4 fxg4 33. Ne4 Kg7 34. Rb7+ Kh6 35. Rxa7 Bf3 36. Re7 Rd1 0-1

[Event "*** Titled Tuesday Blitz"]
[Site "Chess.com"]
[Date "2019.07.02"]
[Round "7"]
[White "PIwan"]
[Black "jk13"]
[Result "1/2-1/2"]
[WhiteElo "2470"]
[BlackElo "2586"]
[TimeControl "180+2"]
[EndTime "14:35:59 PDT"]
[Termination "Game drawn by repetition"]

1. c4 e6 2. Nc3 Bb4 3. Qb3 Bxc3 4. Qxc3 Nf6 5. b3 O-O 6. Bb2 d5 7. Nf3 b6 8. e3 Bb7 9. Be2 c5 10. cxd5 Bxd5 11. d4 Nbd7 12. dxc5 bxc5 13. O-O a5 14. Rad1 a4 15. Bb5 a3 16. Ba1 Qa5 17. Bxd7 Qxc3 18. Bxc3 Nxd7 19. e4 Bc6 20. Rd6 Rfc8 21. Rfd1 Nf6 22.
Bxf6 gxf6 23. Nd2 Bb7 24. Nc4 Ra6 25. f3 Bc6 26. Rd8+ Rxd8 27. Rxd8+ Kg7 28. Rd6 Kf8 29.
Rd8+ Ke7 30. Rh8 Bb5 31. Nd2 Rd6 32. Nc4 Bxc4 33. bxc4 Rd2 34. Ra8 Rxa2 35. h4 h5 36. Kh2 Ra1 37. g4 hxg4 38. fxg4 Re1 39. h5 Rxe4 40.
Kg3 Rxc4 41. h6 Rc3+ 42. Kg2 Rc2+ 43. Kg3 Rc3+ 44. Kg2 Rc2+ 45. Kg3 Rc3+ 1/2-1/2

[Event "*** Titled Tuesday Blitz"]
[Site "Chess.com"]
[Date "2019.07.02"]
[Round "7"]
[White "nitpicker"]
[Black "chess4life23"]
[Result "1-0"]
[WhiteElo "2251"]
[BlackElo "2337"]
[TimeControl "180+2"]
[EndTime "14:35:59 PDT"]
[Termination "nitpicker won by checkmate"]

1. e4 c6 2. d4 d5 3. exd5 cxd5 4. c4 Nf6 5. Nc3 e6 6. Nf3 Be7 7. Bg5 O-O 8. Bd3 dxc4 9. Bxc4 a6 10. a3 b5 11. Bd3 Bb7 12. Bc2 Nd5 13. Qd3 f5 14.
Bd2 Nd7 15. Ne2 Rc8 16. O-O N7f6 17. Ng5 Qd6 18. Rfe1 Ng4 19. g3 Ndf6 20. Bb3 Nd5 21. Nf3 Qc6 22. Rac1 Qd6 23. Nf4 Nxf4 24. Bxf4 Qd8 25.
Bxe6+ Kh8 26. Rxc8 Bxc8 27. Bxc8 Bf6 28. Bxf5 h5 29.
Bxg4 hxg4 30. Be5 gxf3 31. Qxf3 Bxe5 32. Qh5+ Kg8 33. dxe5 Qd2 34. Qe2 Qd5 35. e6 Re8 36. e7 Kf7 37. Qe5 Qd3 38. Qe6# 1-0

[Event "*** Titled Tuesday Blitz"]
[Site "Chess.com"]
[Date "2019.07.02"]
[Round "7"]
[White "sebsep"]
[Black "saraswathii"]
[Result "0-1"]
[WhiteElo "2143"]
[BlackElo "2325"]
[TimeControl "180+2"]
[EndTime "14:36:02 PDT"]
[Termination "saraswathii won by resignation"]

1. e4 c5 2. Nf3 e6 3. d4 cxd4 4. Nxd4 Nf6 5. Nc3 Nc6 6. Nxc6 bxc6 7. Bd3 d5 8. O-O Bd6 9. Re1 Qc7 10. h3 O-O 11.
Bg5 Nd7 12. Qh5 f5 13. exd5 exd5 14. Be7 Bxe7 15. Rxe7 Qd6 16. Rae1 Nf6 17. Qg5 Rf7 18. Rxf7 Kxf7 19. Bxf5 Bxf5 20. Qxf5 Rb8 21. b3 Rb4 22. a3 Rf4 23. Qc8 Kg6 24. a4 Qc5 25. Nd1 Qxc2 26. g3 Rf3 27. Qe6 c5 28. h4 Rxb3 29. Ne3 Qe4 30. Qxe4+ dxe4 31. Rc1 Nd7 32. Rc4 Rb4 33. Kf1 Rxc4 34. Nxc4 Nb6 35. Ke2 Nxc4 0-1

[Event "*** Titled Tuesday Blitz"]
[Site "Chess.com"]
[Date "2019.07.02"]
[Round "7"]
[White "chesstatour"]
[Black "CMS13"]
[Result "1-0"]
[WhiteElo "2025"]
[BlackElo "1943"]
[TimeControl "180+2"]
[EndTime "14:36:02 PDT"]
[Termination "chesstatour won by resignation"]

1. d4 d5 2. c4 e6 3. g3 Nf6 4. Bg2 Nc6 5. Nf3 dxc4 6. O-O Rb8 7. Nc3 Bb4 8. a3 Be7 9. e4 O-O 10. Bf4 b5 11. Re1 a5 12. d5 exd5 13. exd5 Na7 14. Qd4 Rb7 15. Rad1 Bf5 16. Ne5 b4 17. Na2 bxa3 18. bxa3 Nb5 19. Qxc4 Nxa3 20. Qa4 Rb2 21. Nc6 Bd7 22. Qd4 Bxc6 23. Qxb2 Ba4 24. Rd3 Nc4 25. Qd4 Nb6 26. Nc3 Bc2 27. Rd2 Bg6 28. Rde2 Bb4 29. Rc1 Bxc3 30. Rxc3 Nfxd5 31. Bxd5 Qxd5 32.
Qxd5 Nxd5 33. Rc5 Nxf4 34. gxf4 a4 35. Ra5 Bd3 36. Rd2 Be4 37. Rxa4 g6 38. Rxe4 Rb8 1-0

[Event "*** Titled Tuesday Blitz"]
[Site "Chess.com"]
[Date "2019.07.02"]
[Round "7"]
[White "checkmatequen"]
[Black "Komissarov_alex"]
[Result "1-0"]
[WhiteElo "2222"]
[BlackElo "2116"]
[TimeControl "180+2"]
[EndTime "14:36:06 PDT"]
[Termination "checkmatequen won on time"]

1. e4 e5 2. Nf3 Nc6 3. Bb5 a6 4. Ba4 Nf6 5. d3 Bc5 6. c3 b5 7. Bb3 O-O 8. O-O d5 9. Qe2 Bg4 10. Nbd2 d4 11. h3 Bh5 12. Rd1 Qe7 13. Nf1 h6 14. g4 Bg6 15. Ng3 dxc3 16. bxc3 b4 17. Nh4 Kh8 18. Ngf5 Qd7 19. Qf3 Ng8 20.
g5 h5 21. Kg2 bxc3 22. Ng3 Nd4 23. Qe3 Nxb3 24. d4 Bxd4 25. axb3 c2 26. Rd3 Qc6 27. Rxd4 exd4 28. Qxd4 Rad8 29. Qe3 Rd1 30. Qf3 Re8 31. Nhf5 h4 32. Bb2 hxg3 33. Bxg7+ Kh7 34. Nxg3 1-0

[Event "*** Titled Tuesday Blitz"]
[Site "Chess.com"]
[Date "2019.07.02"]
[Round "7"]
[White "ChessWarrior7197"]
[Black "Kirill_Klukin"]
[Result "1-0"]
[WhiteElo "2834"]
[BlackElo "2648"]
[TimeControl "180+2"]
[EndTime "14:36:10 PDT"]
[Termination "ChessWarrior7197 won by resignation"]

1. e4 c6 2. d4 d6 3. Nc3 Nd7 4. f4 g6 5. Nf3 Bg7 6. Bd3 e6 7. O-O Ne7 8. e5 O-O 9. Ne4 d5 10. Nd6 Nf5 11. Nxf5 exf5 12. Be3 b6 13. c4 Bb7 14.
cxd5 cxd5 15. Rc1 Rc8 16. Qa4 a5 17. Bb5 Nb8 18. Bf2 Qe7 19. Bh4 f6 20. exf6 Bxf6 21. Bxf6 Qxf6 22. Ne5 Qd6 23. a3 Rxc1 24. Rxc1 Rc8 25.
Rxc8+ Bxc8 26. Qc2 Be6 27. h4 Bd7 28. Bxd7 Nxd7 29.
Qc8+ Nf8 30. Qe8 Qe6 31. Qd8 Kg7 32. a4 Kg8 33. Kf2 Kg7 34. Ke3 Kg8 35. g3 Kg7 36. Kd3 h6 37. Kc3 Nh7 38. b4 Nf6 39. bxa5 bxa5 40. Qxa5 Ne4+ 41. Kb3 g5 42. Qa7+ Kg8 43. Qb8+ Kg7 44. Qc7+ Kg8 45. hxg5 hxg5 46. a5 Nd2+ 47. Kb4 Qa6 48. Qf7+ 1-0